 Dungeon Sprint DCSS version 0.21-a0-39-g28ea6b7 (webtiles) character file.

2076 Kidiri the Thaumaturge (level 9, -6/61 HPs)
             Began as a Deep Elf Fire Elementalist on May 31, 2017.
             Was an Initiate of Vehumet.
             Mangled by a hornet (17 damage)
             ... while paralysed by a hornet
             ... in the Dungeon (Sprint II: "The Violet Keep of Menkaure").
             The game lasted 00:05:07 (1099 turns).

Kidiri the Thaumaturge (Deep Elf Fire Elementalist) Turns: 1099, Time: 00:05:08

Health: -6/61      AC:  2    Str:  5    XL:     9   Next: 6%
Magic:  5/29       EV:  2    Int: 22    God:    Vehumet [......]
Gold:   972        SH:  0    Dex: 13    Spells: 18/36 levels left

rFire    . . .     SeeInvis .   (no weapon)
rCold    . . .     Gourm    .   (no shield)
rNeg     . . .     Faith    .   a - +0 robe
rPois    .         Spirit   .   (no helmet)
rElec    .         Reflect  .   (no cloak)
rCorr    .         Harm     .   (no gloves)
MR       .....     NoTele   +   (no boots)
Stlth    ++........             (no amulet)
Regen    0.2/turn               (no ring)
MPRegen  0.3/turn               (no ring)

@: paralysed
A: clumsy 1, dopey 1, robust 1, screaming 1, no potion heal 1
a: Renounce Religion


You were in the Dungeon.
You worshipped Vehumet.
Vehumet was noncommittal.
You were hungry.

You visited 1 branch You collected 972 gold pieces.

Inventory:

Armour
 a - a +0 robe (worn)
Scrolls
 i - a scroll of blinking
Potions
 e - a potion of heal wounds
 f - a potion of haste
 h - a potion of berserk rage
Books
 b - a book of Flames

   Spells                             Type                      Level
   a - Flame Tongue                   Conjuration/Fire             1
   b - Throw Flame                    Conjuration/Fire             2
   c - Conjure Flame                  Conjuration/Fire             3
   d - Inner Flame                    Hexes/Fire                   3
   e - Sticky Flame                   Conjuration/Fire             4
   f - Fireball                       Conjuration/Fire             5
Comestibles
 c - a bread ration
 d - a meat ration


   Skills:
 + Level 6.4 Fighting
 + Level 6.4 Armour
 + Level 9.5 Dodging
 - Level 2.4 Stealth
 * Level 14.0 Spellcasting
 + Level 8.6 Conjurations
 + Level 9.2 Fire Magic


You had 18 spell levels left.
You knew the following spells:

 Your Spells              Type           Power        Failure   Level  Hunger
a - Flame Tongue          Conj/Fire      #####        1%          1    None
b - Throw Flame           Conj/Fire      ######       1%          2    None
c - Conjure Flame         Conj/Fire      ######..     1%          3    None
d - Inner Flame           Hex/Fire       #####...     1%          3    None
e - Sticky Flame          Conj/Fire      ######..     1%          4    None
f - Fireball              Conj/Fire      ######....   2%          5    ###....


Dungeon Overview and Level Annotations

Branches:
Dungeon (1/1)

Altars:
Cheibriados
Dithmenos
Elyvilon
Fedhas
Gozag
Hepliaklqana
Kikubaaqudgha
Makhleb
Nemelex Xobeh
Okawaru
Qazlal
Ru
Sif Muna
Trog
Uskayaw
Vehumet
Wu Jian
Xom
Yredelemnul
Zin
The Shining One
Beogh
Jiyva
Lugonu

Shops:
D (=:!!:(?[=[%?=}[

Annotations:
D exclusions: ice statue and oklob plant


Innate Abilities, Weirdness & Mutations

You are clumsy. (Dex -2)
You are dopey. (Int -2)
You are robust. (+10% HP)
You occasionally shout uncontrollably at your foes.
Potions are less effective at restoring your health.


Message History

The hornet stings you.
* * * LOW HITPOINT WARNING * * *
You feel yourself slow down.
Unknown command.
Okay, then.
Unknown command.
Casting: Fireball
Confirm with . or Enter, or press ? or * to list all spells.
Aiming: Flame Tongue
Press: ? - help, Shift-Dir - straight line, f/p - yaktaur
Aim: a yaktaur, wielding an arbalest (steam, severely wounded)
The flame tongue hits the hornet.
The hornet is heavily wounded.
You feel yourself speed up. The hornet stings you.
* * * LOW HITPOINT WARNING * * *
You suddenly lose the ability to move!
The yaktaur is engulfed in a cloud of scalding steam.
The hornet stings you!
You die... #..#....# ...# #.####..## #..# .# %!!?? '###.##..# +..# .# $(?!$

.##.#.#..# #..# h#▓!$)?$
<.'##.+..####..##.#▓[[$?!
.###..#..§.###§§.##▓▓▓▓▓▓
'###.##......≈§§c≈≈≈≈≈≈≈≈
).####≈≈§....§#y########+
#..#≈≈≈≈≈≈≈..§#_@_._...#≈
..##≈≈≈≈≈≈≈≈§≈#._._._._#≈
'##≈≈§≈≈≈≈§≈§≈#_._._._.#≈
≈≈≈≈≈≈≈≈≈≈§≈≈§#._._._._#§
#+++#§≈≈≈§≈≈§§#.._._._.#§
§.§ ##≈≈≈###§§#..._._._#§
§§§.§ #§§#...._._.#≈
8§..§.' #§≈#....._..#§
....§##


You could see a polar bear, a yaktaur and a hornet.

Vanquished Creatures
  A merfolk siren (D)
  2 tyrant leeches (D)
  2 polar bears (D)
  3 neqoxecs (D)
  Menkaure (D)
  4 necrophages (D)
  A hell rat (D)
14 creatures vanquished.

Vanquished Creatures (others)
  A neqoxec (D)
  A crocodile (D)
2 creatures vanquished.

Grand Total: 16 creatures vanquished

Notes
Turn   | Place    | Note
-------+----------+-------------------------------------------
     0 | D        | Kidiri the Deep Elf Fire Elementalist began the quest for the Orb.
     0 | D        | Reached XP level 1. HP: 10/10 MP: 6/6
     1 | D        | Noticed a necrophage
     1 | D        | Noticed a necrophage
     1 | D        | Noticed a necrophage
     1 | D        | Noticed a necrophage
    11 | D        | Killed a necrophage
    11 | D        | Reached skill level 6 in Spellcasting
    11 | D        | Reached XP level 2. HP: 5/16 MP: 4/11
    11 | D        | Reached XP level 3. HP: 7/20 MP: 4/13
    11 | D        | Reached XP level 4. HP: 9/25 MP: 4/14
    17 | D        | Killed a necrophage
    17 | D        | Reached skill level 5 in Dodging
    17 | D        | Reached skill level 8 in Spellcasting
    17 | D        | Reached skill level 5 in Fire Magic
    17 | D        | Reached XP level 5. HP: 15/32 MP: 0/17
    24 | D        | Killed a necrophage
    24 | D        | Reached skill level 9 in Spellcasting
    24 | D        | Reached skill level 5 in Conjurations
    30 | D        | Killed a necrophage
    30 | D        | Reached XP level 6. HP: 16/38 MP: 7/20
    34 | D        | Learned a level 2 spell: Throw Flame
    38 | D        | Learned a level 3 spell: Conjure Flame
    42 | D        | Learned a level 3 spell: Inner Flame
    47 | D        | Learned a level 4 spell: Sticky Flame
    53 | D        | Learned a level 5 spell: Fireball
   284 | D        | Noticed a tyrant leech
   284 | D        | Noticed a tyrant leech
   289 | D        | Killed a tyrant leech
   289 | D        | Reached skill level 11 in Spellcasting
   289 | D        | Reached XP level 7. HP: 44/44 MP: 10/23
   293 | D        | Killed a tyrant leech
   293 | D        | Reached skill level 5 in Fighting
   293 | D        | Reached skill level 5 in Armour
   416 | D        | Noticed a merfolk siren
   424 | D        | Killed a merfolk siren
   424 | D        | Reached skill level 12 in Spellcasting
   424 | D        | Reached XP level 8. HP: 24/50 MP: 17/26
   584 | D        | Gained mutation: You tend to lose your temper in combat. [a neqoxec]
   586 | D        | Gained mutation: You are robust. (+10% HP) [a neqoxec]
   593 | D        | Gained mutation: You occasionally shout uncontrollably at your foes. [a neqoxec]
   594 | D        | Gained mutation: You are clumsy. (Dex -2) [a neqoxec]
   595 | D        | Lost mutation: You tend to lose your temper in combat. [a neqoxec]
   631 | D        | Gained mutation: Potions are less effective at restoring your health. [a neqoxec]
   633 | D        | Gained mutation: You are dopey. (Int -2) [a neqoxec]
   638 | D        | Reached skill level 13 in Spellcasting
   772 | D        | Noticed Menkaure
   775 | D        | Killed Menkaure
   967 | D        | Noticed an ice statue
   970 | D        | Found Takiatso's Antique Armour Emporium.
   971 | D        | Found Mogoe's Jewellery Shoppe.
   972 | D        | Found Feafagimn's Food Emporium.
   973 | D        | Found Tycoish's Jewellery Shoppe.
   978 | D        | Found Korhith's Antique Armour Shoppe.
   978 | D        | Found Letonkirph's Magic Scroll Emporium.
   985 | D        | Found Osadd's Armour Shoppe.
   985 | D        | Found Ystrugar's Magic Scroll Emporium.
   986 | D        | Found Ykhlutorgh's Antique Weapon Shoppe.
   986 | D        | Found Rauxt's Gadget Shoppe.
   986 | D        | Found Ahean's Book Emporium.
   991 | D        | Found Livaug's Distillery.
   991 | D        | Found Asipneck's Distillery.
   991 | D        | Noticed an oklob plant
   992 | D        | Found Toetawnok's Jewellery Shoppe.
   992 | D        | Found Evag's Weapon Emporium.
   992 | D        | Found Yzi Luw's Book Shoppe.
  1000 | D        | Noticed a spiny frog
  1002 | D        | Noticed a spiny frog
  1009 | D        | Noticed a flying skull
  1009 | D        | Noticed a flying skull
  1009 | D        | Noticed a flying skull
  1011 | D        | Noticed a flying skull
  1012 | D        | Noticed a flying skull
  1062 | D        | Found an iron altar of Okawaru.
  1062 | D        | Found an opulent altar of Gozag.
  1067 | D        | Found a sparkling altar of Nemelex Xobeh.
  1067 | D        | Found a blossoming altar of Fedhas.
  1068 | D        | Found a radiant altar of Vehumet.
  1068 | D        | Found a burning altar of Makhleb.
  1068 | D        | Found a white marble altar of Elyvilon.
  1069 | D        | Found a hide-covered altar of Uskayaw.
  1069 | D        | Found a corrupted altar of Lugonu.
  1069 | D        | Found a shadowy altar of Dithmenos.
  1070 | D        | Found a glowing silver altar of Zin.
  1070 | D        | Found a bloodstained altar of Trog.
  1070 | D        | Found an ancient bone altar of Kikubaaqudgha.
  1071 | D        | Found a basalt altar of Yredelemnul.
  1071 | D        | Found a deep blue altar of Sif Muna.
  1071 | D        | Found a viscous altar of Jiyva.
  1072 | D        | Found a shimmering altar of Xom.
  1072 | D        | Found a sacrificial altar of Ru.
  1073 | D        | Found a glowing golden altar of the Shining One.
  1073 | D        | Found an ornate altar of the Wu Jian Council.
  1074 | D        | Found a stormy altar of Qazlal.
  1074 | D        | Noticed a polar bear
  1076 | D        | Noticed a polar bear
  1078 | D        | Noticed a polar bear
  1080 | D        | Killed a polar bear
  1082 | D        | Noticed a yaktaur
  1084 | D        | Noticed a hornet
  1084 | D        | Found a snail-covered altar of Cheibriados.
  1084 | D        | Found a hazy altar of Hepliaklqana.
  1084 | D        | Killed a polar bear
  1084 | D        | Reached skill level 14 in Spellcasting
  1084 | D        | Reached XP level 9. HP: 17/61 MP: 12/29
  1085 | D        | Found a roughly hewn altar of Beogh.
  1089 | D        | Became a worshipper of Vehumet
  1099 | D        | Paralysed by a hornet for 3 turns
  1099 | D        | Mangled by a hornet

Vault maps used:
D:        the_violet_keep_of_menkaure

Skill      XL: |  1  2  3  4  5  6  7  8 |
---------------+-------------------------+-----
Fighting       | 2 3 4 5 6 |  6.4
Armour         | 2 3 4 5 6 |  6.4
Dodging        | 4 5 6 7 8 9 |  9.5
Spellcasting   | 6 8 9 11 12 14 | 14.0
Conjurations   | 3 4 5 6 7 8 |  8.6
Fire Magic     | 4 5 6 7 8 9 |  9.2
Stealth        | |  2.4

Action                   |  1- 3 |  4- 6 |  7- 9 || total
-------------------------+-------+-------+-------++-------
 Cast: Flame Tongue      |     7 |    20 |    41 ||    68
       Conjure Flame     |       |     1 |     4 ||     5
       Sticky Flame      |       |     1 |     4 ||     5
       Inner Flame       |       |       |     2 ||     2
       Fireball          |       |       |     2 ||     2
  Use: Potion            |     1 |     2 |       ||     3
Armor: Robe              |     1 |       |       ||     1
Dodge: Dodged            |     4 |    13 |    16 ||    33
